 Dungeon Crawl Stone Soup version 0.26.1-11-gd32895ea62 (webtiles) character file.

Game seed: 5913360708476340037

1113 mongoloid the Cudgeller (level 8, -9/78 HPs)
             Began as a Palentonga Fighter on July 18, 2021.
             Was an Initiate of Trog.
             Mangled by an ogre
             ... wielding a cursed -2 giant club
              (16 damage)
             ... on level 7 of the Dungeon.
             The game lasted 00:08:36 (4220 turns).

mongoloid the Cudgeller (Palentonga Fighter)        Turns: 4220, Time: 00:08:37

Health: -9/78      AC: 22    Str: 21    XL:     8   Next: 11%
Magic:  8/8        EV:  2    Int:  9    God:    Trog [......]
Gold:   261        SH:  9    Dex: 10    Spells: 7/7 levels left

rFire    . . .     SeeInvis +   a - +1 flail
rCold    . . .     Faith    .   c - +0 kite shield
rNeg     . . .     Spirit   .   l - +0 plate armour
rPois    .         Reflect  .   i - +2 hat
rElec    .         Harm     .   s - +2 cloak
rCorr    .         Rampage  .   (no gloves)
Will     .....     Rnd*Tele +   (no barding)
Stlth    ..........             h - amulet of regeneration
HPRegen  0.63/turn              g - ring of stealth
MPRegen  0.11/turn              q - ring of see invisible

@: lethally poisoned (-9 -> -9), hasted, curled up, very quick
A: large, claws 1, rugged brown scales 3, see invisible, deformed body, robust
1, teleportitis 1, roll 1, armoured tail, reflexive curl
a: Rolling Charge, Renounce Religion


You were on level 7 of the Dungeon.
You worshipped Trog.
Trog was noncommittal.
You visited 1 branch of the dungeon, and saw 9 of its levels.

You collected 261 gold pieces.

Inventory:

Hand Weapons
 a - a +1 flail (weapon)
 v - a +2 antimagic war axe
Armour
 c - a +0 kite shield (worn)
 i - a +2 hat (worn)
 l - a +0 plate armour (worn)
 s - a +2 cloak (worn)
Jewellery
 g - a ring of stealth (left claw)
 h - an amulet of regeneration (around neck)
 p - an uncursed ring of flight
 q - a ring of see invisible (right claw)
Wands
 d - a wand of polymorph (2)
 u - a wand of iceblast (13)
Scrolls
 e - 5 scrolls of fog {unknown}
 f - 3 scrolls of noise {unknown}
 j - 2 scrolls of remove curse {unknown}
 k - 10 scrolls of identify {unknown}
 o - 2 scrolls of teleportation {unknown}
 w - a scroll of amnesia {unknown}
Potions
 m - 2 potions of mutation
 n - a potion of haste
 t - a potion of brilliance {unknown}
 x - a potion of attraction {unknown}
 z - a potion of heal wounds {unknown}
 A - a potion of flight {unknown}


   Skills:
 + Level 4.8 Fighting
 + Level 6.5 Maces & Flails
 + Level 4.2 Armour
 + Level 0.6 Dodging
 + Level 4.2 Shields
 + Level 0.1 Unarmed Combat
 + Level 0.1 Evocations


You had 7 spell levels left.
You didn't know any spells.
Your spell library was empty.

Dungeon Overview and Level Annotations

Branches:
Dungeon (9/15)
 Temple: D:4-7         Lair: D:8-11         Orc: D:9-12

Altars:
Elyvilon
Fedhas
Ru
Trog
Vehumet
Xom


Innate Abilities, Weirdness & Mutations

You are completely covered in rugged brown scales. (AC +3, +7% HP)
You have supernaturally acute eyesight. (SInv)
Armour fits poorly on your strangely shaped body.
You can roll at nearby foes to attack.
You have a long armoured tail.
You curl defensively after being hit.
You have sharp fingernails.
You are robust. (+10% HP)
You are occasionally teleported next to monsters.


Message History

The water moccasin bites you but does no damage.
You barely miss the water moccasin.
The water moccasin is almost dead.
You block the water moccasin's attack. The water moccasin bites you.
You sock the water moccasin!
You kill the water moccasin!
Trog accepts your kill.
You feel sick. The ogre hits you but does no damage.
You see here a water moccasin corpse.
You sock the ogre!
The ogre is heavily wounded.
The ogre hits you with a cursed -2 giant club!!
* * * LOW HITPOINT WARNING * * *
Your plate armour prevents you from hitting the ogre.
The ogre is heavily wounded.
You hit the ogre.
The ogre is severely wounded.
You feel sick.
The ogre hits you with a cursed -2 giant club!
You die...

..≈≈≈≈≈≈≈..#
........#
#..#O# #####
#$..####..=#
##.........#
#.#####...#
#.#
##.#######
##########.#
#..<.....
........@O.#
#########
############
# ### ....
#### #


You could see an ogre.

Vanquished Creatures
  A water moccasin (D:7)
  A sky beast (D:7)
  3 eyes of draining (D:4)
  A necrophage (D:5)
  A scorpion (D:5)
  A hound (D:4)
  A jelly (D:5)
  Crazy Yiuf (D:2)
  3 orc wizards (D:4)
  4 worker ants
  A hound skeleton (D:4)
  Robin (D:2)
  8 adders
  4 shadow imps
  2 oozes
  2 worms
  2 adder skeletons (D:5)
  A dart slug (D:4)
  2 leopard geckos
  9 orcs
  8 bats
  2 giant cockroaches
  8 hobgoblins
  2 jackals (D:1)
  7 kobolds
  A quokka (D:4)
  A ball python skeleton (D:2)
  4 frilled lizards
  A giant cockroach zombie (D:5)
  13 goblins
  A leopard gecko zombie (D:5)
  2 quokka skeletons (D:4)
  A quokka zombie (D:4)
  3 rats
103 creatures vanquished.

Vanquished Creatures (others)
  4 toadstools (D:1)
4 creatures vanquished.

Grand Total: 107 creatures vanquished

Notes
Turn   | Place    | Note
-------+----------+-------------------------------------------
     0 | D:1      | mongoloid the Palentonga Fighter began the quest for the
                  | Orb.
     0 | D:1      | Reached XP level 1. HP: 20/20 MP: 1/1
    90 | D:1      | Reached XP level 2. HP: 25/27 MP: 2/2
   777 | D:2      | Reached XP level 3. HP: 33/33 MP: 3/3
  1001 | D:2      | Found a shimmering altar of Xom.
  1003 | D:2      | Found a sacrificial altar of Ru.
  1003 | D:2      | Found an ornate altar of the Wu Jian Council.
  1005 | D:2      | Found a white marble altar of Elyvilon.
  1005 | D:2      | Found a white marble altar of Elyvilon.
  1005 | D:2      | Found a blossoming altar of Fedhas.
  1228 | D:2      | Noticed Robin
  1243 | D:2      | Killed Robin
  1444 | D:2      | Reached XP level 4. HP: 40/40 MP: 4/4
  1561 | D:2      | Found a runed translucent door.
  1562 | D:2      | Noticed Crazy Yiuf
  1865 | D:2      | Killed Crazy Yiuf
  2199 | D:3      | Reached skill level 3 in Maces & Flails
  2369 | D:3      | Found a radiant altar of Vehumet.
  2564 | D:3      | Reached XP level 5. HP: 48/48 MP: 5/5
  2576 | D:3      | Found a faded altar of an unknown god.
  2777 | D:4      | Reached skill level 4 in Maces & Flails
  2835 | D:4      | Reached XP level 6. HP: 55/55 MP: 6/6
  3031 | D:4      | Found a bloodstained altar of Trog.
  3054 | D:4      | Reached skill level 5 in Maces & Flails
  3054 | D:4      | Gained mutation: You curl defensively after being hit.
                  | [Palentonga growth]
  3054 | D:4      | Reached XP level 7. HP: 58/63 MP: 0/7
  3070 | D:4      | Became a worshipper of Trog the Wrathful
  3250 | D:5      | Entered Level 5 of the Dungeon
  3983 | D:5      | Noticed Eustachio
  3986 | D:5      | Noticed Eustachio
  3986 | D:5      | Eustachio changed into Eustachio the worm
  3988 | D:5      | Killed Eustachio the worm
  4005 | D:5      | Reached skill level 6 in Maces & Flails
  4077 | D:6      | You fall into a shaft and drop 3 floors!
  4099 | D:8      | Noticed a two-headed ogre
  4126 | D:7      | Reached XP level 8. HP: 66/71 MP: 8/8
  4183 | D:7      | Noticed an orc sorcerer
  4199 | D:7      | Gained mutation: You are robust. (+10% HP) [potion of
                  | mutation]
  4199 | D:7      | Gained mutation: You are occasionally teleported next to
                  | monsters. [potion of mutation]
  4199 | D:7      | Gained mutation: You have sharp fingernails. [potion of
                  | mutation]
  4220 | D:7      | Mangled by an ogre

Illustrated notes

Levels and vault maps discovered:
D:1:      ldierk_walled_garden_2, layout_rooms
D:2:      layout_basic, doesnt_xom_only_xom, uniq_robin, uniq_crazy_yiuf_cottage
D:3:      layout_rooms, vehumet_crystals, chequers_ecumenical_altar_simple
D:4:      layout_rooms, trog_eyes_of_draining
D:5:      layout_loops_ring, uniq_eustachio
D:6:      layout_cave_pools, minmay_temple_entry_offerings, serial_shops,
          shop_statue
D:7:      cheibrodos_wizards_tower, layout_loops_ring, minmay_misc_feat_tower,
          amcnicky_mini_rare_corridor_liquid, minmay_misc_feat_nine_boxes
D:8:      layout_loops_cross, overflow_temple_1_default,
          due_lair_maze_entry_diamond
D:9:      minmay_cornered_nines, layout_basic, zin_angel, uniq_pikel

Skill      XL: |  1  2  3  4  5  6  7 |
---------------+----------------------+-----
Armour         | 3 4 |  4.2
Shields        | 3 4 |  4.2
Maces & Flails | 3 4 5 6 |  6.5
Fighting       | 4 |  4.8
Dodging        | |  0.6
Unarmed Combat | |  0.1
Evocations     | |  0.1

Action                   |  1- 3 |  4- 6 |  7- 9 || total
-------------------------+-------+-------+-------++-------
Melee: Flail             |    85 |   171 |   142 ||   398
       Tailslap          |     8 |    16 |    16 ||    40
       Unarmed           |     7 |       |       ||     7
 Abil: Rolling Charge    |     1 |     4 |       ||     5
       Stop Flying       |     1 |       |       ||     1
Evoke: Wand              |       |       |     2 ||     2
  Use: Potion            |     1 |       |     3 ||     4
       Scroll            |       |       |     1 ||     1
Armor: Scale mail        |    39 |       |       ||    39
       Plate armour      |    39 |   119 |    73 ||   231
Dodge: Dodged            |    18 |    13 |    12 ||    43
Block: Kite shield       |    36 |    73 |    62 ||   171
